 Dungeon Crawl Stone Soup version 0.27-a0-1557-g57f10a385c (webtiles) character file.

Game seed: 15871131235623761485

86294 Demosthentine the Phalangite (level 15, 0/190 HPs)
             Began as a Merfolk Gladiator on July 16, 2021.
             Was the Champion of the Shining One.
             Killed by divine providence
             ... invoked by Saint Roka
              (12 damage)
             ... on level 1 of the Orcish Mines.
             The game lasted 00:32:15 (23325 turns).

Demosthentine the Phalangite (Merfolk Gladiator)   Turns: 23325, Time: 00:32:16

Health: 0/190      AC: 11    Str: 17    XL:     15   Next: 86%
Magic:  19/23      EV: 22    Int:  9    God:    the Shining One [******]
Gold:   2542       SH: 17    Dex: 18    Spells: 14/14 levels left

rFire    + + .     SeeInvis .   a - +1 trident (venom)
rCold    + + +     Faith    .   D - +1 buckler {rC+ rF+}
rNeg     + + +     Spirit   .   M - +0 troll leather armour
rPois    +         Reflect  .   c - +1 helmet
rElec    .         Harm     .   L - scarf {rC+ rF+}
rCorr    .         Rampage  .   v - +0 pair of gloves
Will     +....                  S - +2 pair of boots
Stlth    ..........             f - amulet of regeneration
HPRegen  2.41/turn              l - ring of protection from cold
MPRegen  0.18/turn              o - ring of poison resistance

@: berserking, divinely shielded, glowing, studying 2 skills, very quick
A: (nimble swimmer 2), mertail
a: Renounce Religion, Divine Shield, Cleansing Flame, Summon Divine Warrior,
Brand Weapon With Holy Wrath


You were on level 1 of the Orcish Mines.
You worshipped the Shining One.
The Shining One was exalted by your worship.
You visited 4 branches of the dungeon, and saw 24 of its levels.
You also visited: Ice Cave.

You collected 4462 gold pieces.
You spent 1920 gold pieces at shops.

Inventory:

Hand Weapons
 a - a +1 trident of venom (weapon)
Missiles
 k - 4 boomerangs of dispersal
 p - 10 curare-tipped darts (quivered)
Armour
 c - a +1 helmet (worn)
 i - the +3 hat of Pondering {ponderous, Will+ MP+10 Int+5}
   (You took it off Gastronok on level 2 of the Lair of Beasts)

   Int:       It affects your intelligence (+5).
   MP:        It affects your magic capacity (+10).
   Will:      It increases your willpower.
 v - a +0 pair of gloves (worn)
 D - a +1 buckler of resistance (worn)
 L - a scarf of resistance (worn)
 M - a +0 troll leather armour (worn)
 S - a +2 pair of boots (worn)
Jewellery
 f - an amulet of regeneration (around neck)
 l - a ring of protection from cold (left hand)
 o - a ring of poison resistance (right hand)
 t - a +6 ring of dexterity
 A - a ring of protection from fire
Wands
 b - a wand of digging (11)
 E - a wand of paralysis (7)
 F - a wand of acid (20)
 K - a wand of iceblast (24)
Scrolls
 d - 4 scrolls of teleportation
 g - 2 scrolls of identify
 x - 3 scrolls of fog
 y - 2 scrolls of summoning
 z - 6 scrolls of fear
 J - 6 scrolls of magic mapping
Potions
 e - 4 potions of resistance
 j - 8 potions of curing
 m - 2 potions of haste
 q - 5 potions of attraction
 u - 2 potions of might
 w - 3 potions of cancellation


   Skills:
 + Level 14.4 Fighting
 + Level 21.5 Polearms
 - Level 2.0 Throwing
 - Level 6.0 Armour
 + Level 17.0 Dodging
 + Level 8.2 Stealth
 - Level 4.0 Shields
 + Level 11.9 Invocations


You had 14 spell levels left.
You didn't know any spells.
Your spell library contained the following spells:

 Spells                   Type           Power      Damage    Failure   Level
 Animate Skeleton         Necr           0%         N/A       43%         1
 Apportation              Tloc           0%         N/A       43%         1
 Corona                   Hex            0%         N/A       43%         1
 Magic Dart               Conj           0%         1d3       43%         1
 Summon Small Mammal      Summ           0%         N/A       43%         1
 Call Imp                 Summ           0%         N/A       58%         2
 Corpse Rot               Necr/Air       N/A        N/A       58%         2
 Poisonous Vapours        Pois/Air       0%         N/A       58%         2
 Slow                     Hex            0%         N/A       58%         2
 Confusing Touch          Hex            0%         N/A       82%         3
 Dazzling Flash           Conj/Hex       0%         N/A       82%         3
 Gell's Gravitas          Tloc           0%         N/A       82%         3
 Ignite Poison            Fire/Tmut/Pois 0%         N/A       82%         3
 Lesser Beckoning         Tloc           0%         N/A       82%         3
 Mephitic Cloud           Conj/Pois/Air  0%         N/A       82%         3
 Ozocubu's Armour         Ice            0%         N/A       82%         3
 Teleport Other           Tloc           0%         N/A       82%         3
 Dispel Undead            Necr           0%         3d6       99%         4
 Iskenderun's Mystic Bla  Conj/Tloc      0%         2d3       99%         4
 Bolt of Magma            Conj/Fire/Erth 0%         4d4       100%        5
 Freezing Cloud           Conj/Ice/Air   0%         6-21      100%        5
 Metabolic Englaciation   Hex/Ice        0%         N/A       100%        5
 Yara's Violent Unravell  Hex/Tmut       0%         3d3       100%        5
 Death Channel            Necr           0%         N/A       100%        6
 Dispersal                Tloc           0%         N/A       100%        6
 Simulacrum               Ice/Necr       0%         N/A       100%        6
 Starburst                Conj/Fire      0%         8x6d3     100%        6
 Disjunction              Tloc           0%         N/A       100%        8


Dungeon Overview and Level Annotations

Branches:
Dungeon (15/15)            Temple (1/1) D:6            Lair (6/6) D:8
  Swamp (0/4) Lair:2        Snake (0/4) Lair:2        Slime (0/5) Lair:5
    Orc (2/2) D:10            Elf (0/3) Orc:2        Vaults (0/5) D:14
 Depths (0/5) D:15          IceCv (visited)

Altars:
Ashenzari
Cheibriados
Dithmenos
Elyvilon
Fedhas
Gozag
Hepliaklqana
Kikubaaqudgha
Makhleb
Nemelex Xobeh
Okawaru
Qazlal
Ru
Sif Muna
Trog
Uskayaw
Vehumet
Wu Jian
Xom
Yredelemnul
Zin
The Shining One
Jiyva

Shops:
D:10 =   Orc:2 *:

Annotations:
D:9 3 runed translucent doors, pokeman's ghost, novice DEWz
D:11 3 runed translucent doors
Lair:4 exclusion: oklob plant
Lair:5 exclusion: 2 oklob plants
Orc:1 Saint Roka


Innate Abilities, Weirdness & Mutations

((You are quick and stealthy near water. (Stealth+, EV+, Speed+++)))
Your lower body shifts to a powerful aquatic tail in water.


Message History

You block Saint Roka's attack.
Your divine shield is renewed.
Saint Roka says, "I shall smite you and smash you."
Saint Roka hits you with a +0 war axe!!
Unknown command.
You hit Saint Roka but do no damage.
Saint Roka looks as sick as possible!
Saint Roka is heavily wounded.
Saint Roka says, "I shall smite you and smash you."
Saint Roka hits you with a +0 war axe!!
* * * LOW HITPOINT WARNING * * *
You hit Saint Roka but do no damage.
Saint Roka looks as sick as possible!
Saint Roka is heavily wounded.
You hit Saint Roka but do no damage.
Saint Roka looks as sick as possible!
Saint Roka is heavily wounded.
Saint Roka invokes the aid of Beogh against you.
Beogh smites you!
* * * LOW HITPOINT WARNING * * *
Unknown command.
A red film seems to cover your vision as you go berserk!
You feel yourself moving faster!
You feel mighty!
Saint Roka calls down the wrath of Beogh upon you.
Beogh smites you!
* * * LOW HITPOINT WARNING * * *
Unknown command.
You puncture Saint Roka!
Saint Roka looks as sick as possible!
Saint Roka is heavily wounded.
You hit Saint Roka but do no damage.
Saint Roka looks as sick as possible!
Saint Roka is heavily wounded.
Saint Roka calls down the wrath of Beogh upon you.
Beogh smites you!
* * * LOW HITPOINT WARNING * * *
Unknown command.
You hit Saint Roka.
Saint Roka looks as sick as possible!
Saint Roka is severely wounded.
Unknown command.
You impale Saint Roka!!
Saint Roka looks as sick as possible!
Saint Roka is severely wounded.
Saint Roka calls down the wrath of Beogh upon you.
Beogh smites you!
You die...

....##.........##......##
...............##......#
#...................#..#
#........#...#......####
..#......##.##.......#
...#.#.###...##.....##
#.###...###.##.#..###
####...#.######[..#
#......# #.[@o# ##
##.##.## ##.[[##
.####.#### #...##
..#....# ##.## ......##
### #.#.### ### ##### #.#
###.## #####....#


You could see Saint Roka (extremely poisoned).

Vanquished Creatures
  Rupert (Lair:6)
  Agnes (D:14)
  Gastronok (Lair:2)
  A stone giant (D:15)
  Nessos (Lair:5)
  The ghost of Cyda Jyj the Martial Artist, a journeyman DsGl of Dithmenos (Lair:3)
  An ettin (Orc:1)
  Snorg (Lair:5)
  4 boulder beetles
  Fannar (Lair:2)
  5 vault guards (D:14)
  An ogre mage (D:14)
  A centaur warrior (D:13)
  10 hydras
  2 catoblepae (Lair:5)
  2 death yaks (Lair:5)
  An orc high priest (Orc:1)
  2 tengu warriors (D:15)
  A bog body (IceCv)
  An orc knight (D:10)
  A wizard (D:14)
  4 deep elf pyromancers
  A necromancer (IceCv)
  An orc sorcerer (Orc:2)
  2 oklob plants
  8 ugly things (D:14)
  7 cyclopes
  5 manticores
  Maurice (Orc:2)
  7 black mambas
  A centaur zombie (D:11)
  5 elephants (Lair:6)
  2 ice statues (IceCv)
  2 torpor snails (Lair:5)
  5 cane toads
  A rime drake (Lair:3)
  A kobold demonologist (D:11)
  10 komodo dragons
  5 ice devils (IceCv)
  An unseen horror (D:10)
  4 yaktaurs
  2 entropy weaver simulacra (IceCv)
  A freezing wraith (IceCv)
  2 anaconda simulacra (IceCv)
  3 polar bears
  7 trolls
  4 hornets
  A tyrant leech (Lair:2)
  3 slime creatures (D:13)
  Prince Ribbit (D:9)
  A blink frog (shapeshifter) (D:13)
  A dream sheep (Lair:6)
  2 vampires (D:12)
  Sigmund (D:3)
  12 spriggans (Lair:6)
  2 shadows (D:12)
  2 dire elephant simulacra (IceCv)
  3 water elementals (D:14)
  3 wyverns
  4 wraiths
  Grum (Lair:1)
  36 yaks
  6 basilisks
  2 steam dragons (D:9)
  A basilisk (shapeshifter) (D:15)
  2 vampire mosquitoes (D:14)
  7 nagas (Lair:2)
  4 harpy simulacra (IceCv)
  A naga (shapeshifter) (D:15)
  2 acid dragons
  4 wargs
  11 water moccasins
  3 swamp worms (Lair:2)
  2 ice beasts
  2 sky beasts
  19 orc warriors
  5 black bears
  A necrophage (D:6)
  38 wolves
  5 boggarts (Lair:6)
  11 ogres
  4 centaurs
  10 kobold brigands
  10 bullfrogs
  3 gnoll sergeants
  2 scorpions
  A cane toad simulacrum (IceCv)
  A wyvern skeleton (D:5)
  An elephant simulacrum (IceCv)
  3 wights (D:10)
  5 electric eels
  9 howler monkeys
  3 bullfrog zombies
  2 hounds (D:4)
  A centaur skeleton (D:6)
  16 orc priests
  2 bullfrog skeletons (D:5)
  2 gnoll shamans
  8 jellies
  5 iguanas
  22 orc wizards
  A polar bear simulacrum (IceCv)
  A troll simulacrum (IceCv)
  4 killer bee zombies
  2 hound skeletons (D:4)
  13 gnolls
  4 adders
  A howler monkey skeleton (D:6)
  A naga simulacrum (IceCv)
  A white imp (D:6)
  An ufetubus (IceCv)
  2 dart slugs (D:1)
  77 orcs
  5 bats
  22 endoplasms
  3 giant cockroaches
  7 goblins
  13 hobgoblins
  9 jackals
  17 kobolds
  2 quokkas (D:4)
  14 ball pythons
  A frilled lizard (D:3)
  5 rats
  A bush (Lair:6)
  A butterfly (Lair:2)
649 creatures vanquished.

Vanquished Creatures (collateral kills)
  2 orc sorcerers (Orc:2)
  2 orc warriors (Orc:2)
  4 orcs (Orc:2)
8 creatures vanquished.

Vanquished Creatures (others)
  An orc (Orc:2)
  24 fungi
  31 plants
  2 withered plants (Lair:3)
58 creatures vanquished.

Grand Total: 715 creatures vanquished

Notes
Turn   | Place    | Note
-------+----------+-------------------------------------------
     0 | D:1      | Demosthentine the Merfolk Gladiator began the quest for the
                  | Orb.
     0 | D:1      | Reached XP level 1. HP: 16/16 MP: 1/1
   314 | D:1      | Reached XP level 2. HP: 21/23 MP: 2/2
   491 | D:1      | Reached XP level 3. HP: 28/28 MP: 3/3
   899 | D:1      | Found a faded altar of an unknown god.
  1061 | D:2      | Reached skill level 5 in Polearms
  1109 | D:2      | Reached skill level 1 in Armour
  1586 | D:2      | Reached XP level 4. HP: 32/35 MP: 4/4
  1698 | D:3      | Noticed Sigmund
  1711 | D:3      | Killed Sigmund
  1712 | D:3      | Reached skill level 5 in Dodging
  1712 | D:3      | Reached XP level 5. HP: 25/42 MP: 5/5
  1712 | D:3      | Reached XP level 6. HP: 28/48 MP: 6/6
  1851 | D:3      | Reached skill level 6 in Polearms
  3183 | D:4      | Reached XP level 7. HP: 54/54 MP: 7/7
  3676 | D:5      | Entered Level 5 of the Dungeon
  3683 | D:4      | Reached skill level 7 in Polearms
  3783 | D:5      | Reached skill level 5 in Fighting
  3830 | D:5      | Reached XP level 8. HP: 60/62 MP: 8/8
  4051 | D:5      | Reached skill level 8 in Polearms
  4762 | D:6      | Reached skill level 9 in Polearms
  4811 | D:6      | Reached XP level 9. HP: 40/71 MP: 9/9
  5222 | D:6      | Found a staircase to the Ecumenical Temple.
  5354 | D:6      | Found a shadowy altar of Dithmenos.
  5617 | Temple   | Entered the Ecumenical Temple
  5697 | Temple   | Became a worshipper of the Shining One
  6350 | D:8      | Found a staircase to the Lair.
  6427 | D:8      | Reached skill level 10 in Polearms
  6515 | D:8      | Reached * piety under the Shining One
  6885 | D:9      | Found a runed translucent gate.
  6885 | D:9      | Found a runed translucent gate.
  6886 | D:9      | Found a runed translucent gate.
  6890 | D:9      | Noticed pokeman's ghost (novice DEWz)
  7070 | D:9      | Reached skill level 5 in Armour
  7082 | D:9      | Reached XP level 10. HP: 80/80 MP: 10/10
  7098 | D:9      | Reached skill level 10 in Dodging
  7189 | D:9      | Reached skill level 11 in Polearms
  7805 | D:9      | HP: 3/83 [yak (12)]
  7815 | D:9      | Reached skill level 12 in Polearms
  8042 | D:9      | Noticed Prince Ribbit
  8054 | D:9      | Killed Prince Ribbit
  8218 | D:9      | Identified 3 scrolls of acquirement
  8218 | D:9      | Acquired 1165 gold pieces
  8220 | D:9      | Acquired 904 gold pieces
  8222 | D:9      | Acquired a manual of Polearms
  8298 | D:10     | Entered Level 10 of the Dungeon
  8377 | D:10     | Noticed an orc knight
  8406 | D:9      | Reached XP level 11. HP: 60/89 MP: 11/11
  8444 | D:9      | Reached skill level 1 in Invocations
  8535 | D:10     | Killed an orc knight
  8846 | D:10     | Found a staircase to the Orcish Mines.
  8846 | D:10     | Reached ** piety under the Shining One
  9085 | D:10     | Reached skill level 13 in Polearms
  9340 | D:10     | Found Wompe's Jewellery Boutique.
  9481 | D:10     | Found an opulent altar of Gozag.
  9506 | D:10     | You fall into a shaft and drop 2 floors!
  9547 | D:11     | Noticed a boulder beetle
  9562 | D:11     | Noticed a boulder beetle
  9956 | D:11     | Reached skill level 10 in Fighting
 10148 | D:11     | Killed a boulder beetle
 10149 | D:11     | Reached skill level 14 in Polearms
 10278 | D:11     | Killed a boulder beetle
 10417 | D:11     | Found a runed translucent gate.
 10417 | D:11     | Found a runed translucent gate.
 10419 | D:11     | Found a runed translucent gate.
 10419 | D:11     | Noticed a purple ugly thing
 10419 | D:11     | Noticed a purple ugly thing
 10421 | D:11     | Noticed a brown ugly thing
 10421 | D:11     | Noticed a brown very ugly thing
 10421 | D:11     | Noticed a cyan ugly thing
 10422 | D:11     | Noticed a cyan ugly thing
 10677 | D:12     | Noticed a manticore
 10687 | D:12     | Killed a manticore
 10742 | D:12     | Reached skill level 5 in Invocations
 11117 | D:12     | Noticed a cyclops
 11197 | D:12     | Reached skill level 15 in Polearms
 11197 | D:12     | Reached XP level 12. HP: 47/99 MP: 15/15
 11406 | D:12     | Reached *** piety under the Shining One
 11850 | D:13     | Noticed a boulder beetle
 11870 | D:13     | Killed a boulder beetle
 11919 | D:13     | Found a frozen archway.
 11952 | IceCv    | Entered an ice cave
 12171 | IceCv    | Reached skill level 16 in Polearms
 12250 | IceCv    | Reached **** piety under the Shining One
 12953 | D:13     | Noticed a five-headed hydra
 12964 | D:13     | Killed a five-headed hydra
 12965 | D:13     | Reached skill level 17 in Polearms
 13105 | D:13     | Identified the amulet "Lupev" {Faith rF+ Will++ Int+3
                  | Dex-3}
 13134 | D:13     | Reached XP level 13. HP: 83/107 MP: 18/18
 13590 | D:14     | Reached skill level 18 in Polearms
 13630 | D:14     | Noticed a vault guard
 13672 | D:14     | Acquired a +2 buckler of protection
 13686 | D:14     | Noticed Agnes
 13706 | D:14     | Killed Agnes
 13707 | D:14     | Reached skill level 1 in Shields
 14069 | D:14     | Reached ***** piety under the Shining One
 14252 | D:14     | Noticed a vault guard
 14274 | D:14     | Killed a vault guard
 14310 | D:14     | Noticed a vault guard
 14330 | D:14     | Killed a vault guard
 14337 | D:14     | Paralysed by an ogre mage for 4 turns
 14440 | D:14     | Found a gate to the Vaults.
 14440 | D:14     | Noticed a vault guard
 14440 | D:14     | Noticed a vault guard
 14473 | D:14     | Killed a vault guard
 14474 | D:14     | Reached skill level 19 in Polearms
 14496 | D:14     | Killed a vault guard
 14497 | D:14     | Reached skill level 15 in Dodging
 14572 | D:14     | Killed a vault guard
 14663 | D:15     | Entered Level 15 of the Dungeon
 14851 | D:15     | Reached skill level 1 in Stealth
 14851 | D:15     | Reached XP level 14. HP: 105/116 MP: 21/21
 15377 | D:15     | Found a staircase to the Depths.
 15377 | D:15     | Noticed a stone giant
 15390 | D:15     | Killed a stone giant
 15629 | Lair:1   | Entered Level 1 of the Lair of Beasts
 16397 | Lair:1   | Noticed Grum
 16413 | Lair:1   | Killed Grum
 16518 | Lair:1   | Reached skill level 10 in Invocations
 16929 | Lair:2   | Noticed Fannar
 16942 | Lair:2   | Killed Fannar
 17187 | Lair:2   | Reached skill level 20 in Polearms
 17227 | Lair:2   | Found a staircase to the Swamp.
 17477 | Lair:2   | Found a staircase to the Snake Pit.
 17487 | Lair:2   | Noticed Gastronok
 17523 | Lair:2   | Killed Gastronok
 18109 | Lair:3   | Found a runed translucent door.
 18110 | Lair:3   | Noticed Cyda Jyj's ghost (journeyman DsGl)
 18382 | Lair:3   | Reached skill level 5 in Stealth
 18514 | Lair:3   | Killed Cyda Jyj's ghost
 18583 | Lair:4   | Found an opulent altar of Gozag.
 19463 | Lair:5   | Noticed Snorg
 19567 | Lair:5   | Found a staircase to the Slime Pits.
 19567 | Lair:5   | Found a viscous altar of Jiyva.
 19700 | Lair:5   | Noticed Nessos
 19733 | Lair:5   | Killed Nessos
 19885 | Lair:5   | Killed Snorg
 19886 | Lair:5   | Reached XP level 15. HP: 113/125 MP: 20/23
 20182 | Lair:5   | Reached skill level 21 in Polearms
 20288 | Lair:6   | Entered Level 6 of the Lair of Beasts
 20330 | Lair:6   | Noticed Rupert
 20367 | Lair:6   | Killed Rupert
 20712 | Lair:6   | Reached ****** piety under the Shining One
 20838 | Lair:6   | Found the macabre finger necklace {rN+}
 21965 | Orc:1    | Entered Level 1 of the Orcish Mines
 22327 | Orc:2    | Entered Level 2 of the Orcish Mines
 22602 | Orc:2    | Noticed Maurice
 22604 | Orc:2    | Found a staircase to the Elven Halls.
 22623 | Orc:2    | Killed Maurice
 22732 | Orc:2    | Found Asarux's Self-Improvement Boutique.
 22805 | Orc:2    | Bought a manual of Invocations for 960 gold pieces
 22805 | Orc:2    | Bought a manual of Dodging for 960 gold pieces
 22838 | Orc:2    | Found Jaify's General Store.
 22841 | Orc:2    | Paralysed by an orc sorcerer for 7 turns
 22872 | Orc:2    | Noticed Saint Roka
 22927 | Orc:2    | HP: 2/127 [orc high priest/divine providence (9)]
 23323 | Orc:1    | HP: 9/190 [Saint Roka/divine providence (12)]
 23325 | Orc:1    | Killed from afar by Saint Roka

Illustrated notes

Levels and vault maps discovered:
D:1:      dpeg_arrival_concentric_ovals, layout_basic,
          hellmonk_ecumenical_altar_crossroads, serial_curves, eino_curves_01,
          eino_curves_01
D:2:      layout_basic, supply_closet_lemuel, minmay_close_crescents
D:3:      corexii_shack_village, layout_basic, corner_web_ring, uniq_sigmund
D:4:      layout_loops_cross
D:5:      layout_basic
D:6:      layout_basic, mainiacjoe_overflow_alcove_1,
          minmay_temple_entry_large_hall, serial_bayou, serial_bayou_pond_e,
          serial_bayou_ford_a, serial_bayou_pond_e, serial_bayou_lagoon_b
D:7:      layout_cave_pools
D:8:      layout_cave_pools, lair_entry_dummy, minmay_misc_feat_cross
D:9:      layout_stronghold, ebering_ghost_rock_garden, uniq_prince_ribbit1
D:10:     layout_long_grid, kennysheep_orc_monster_closet_entryway,
          serial_shops, shop, kennysheep_flooded_box
D:11:     layout_roguey, ploomutoo_gammafunk_ghost_potion_laboratory
D:12:     layout_cave_pods, minmay_orc_keep
D:13:     layout_basic, portal_ice_cave_entry_pillars_2
D:14:     wander_river, layout_gridville, grunt_vaults_entry_fortified,
          kennysheep_cluttered_room, minmay_crystal_room, uniq_agnes
D:15:     grunt_enter_depths_snipers, layout_grid_maze, minmay_fountain_box
Temple:   grunt_wide_crystal_templ
Lair:1:   lemuel_slime, layout_cellular_growth, uniq_grum
Lair:2:   layout_hall_layers, palyth_hydra_swamp_entry,
          minmay_snake_entry_guardpost_large, lemuel_old_faithful,
          lemuel_fruit_fields, uniq_gastronok, uniq_fannar
Lair:3:   layout_small_grid, gammafunk_ghost_grave, lemuel_fruit_tree
Lair:4:   layout_loops_ring, basic_altar
Lair:5:   nzn_motion_control, layout_gridlike, slime_altar_1,
          hibernation_bobbens, minmay_lair_oklob_chamber, uniq_snorg,
          uniq_nessos
Lair:6:   minmay_lair_end_enchanted_forest, layout_regular_city,
          minmay_lair_oklob_items, patterned_corridor, serial_bayou_shore_a,
          uniq_rupert
Orc:1:    layout_diamond_mine
Orc:2:    st_orc_pillars, layout_diamond_mine, serial_shops,
          nicolae_shop_crystal, lemuel_statue_altar, nicolae_shop_self_help,
          uniq_saint_roka, uniq_maurice

Skill      XL: |  1  2  3  4  5  6  7  8  9 10 11 12 13 14 15 |
---------------+----------------------------------------------+-----
Polearms       | 5 6 7 9 10 12 15 17 19 20 21 | 21.5
Armour         | 1 2 3 4 5 6 |  6.0
Fighting       | 3 4 5 6 7 9 10 11 12 13 14 | 14.4
Dodging        | 5 6 7 8 9 11 12 13 15 16 17 | 17.0
Invocations    | 5 7 9 10 11 | 11.9
Shields        | 3 4 |  4.0
Stealth        | 1 5 8 |  8.2
Throwing       | |  2.0

Action                   |  1- 3 |  4- 6 |  7- 9 | 10-12 | 13-15 || total
-------------------------+-------+-------+-------+-------+-------++-------
Melee: Trident           |   137 |   159 |   562 |  1143 |  2064 ||  4065
       Tailslap          |       |       |     4 |       |    33 ||    37
Throw: Throwing net      |       |     3 |     1 |       |       ||     4
       Dart              |       |       |       |     6 |     7 ||    13
Invok: Divine Shield     |       |       |       |       |     5 ||     5
       Summon Divine War |       |       |       |       |     1 ||     1
  Use: Scroll            |     3 |     4 |     8 |    14 |     8 ||    37
       Potion            |       |       |     4 |     3 |     4 ||    11
 Stab: Sleeping          |       |     3 |     1 |       |       ||     4
       Held in net/web   |       |     1 |     2 |       |       ||     3
Armor: Leather armour    |    37 |    25 |   118 |     9 |       ||   189
       Steam dragon scal |       |       |       |    56 |       ||    56
       Troll leather arm |       |       |       |    83 |   274 ||   357
Dodge: Dodged            |    90 |    63 |   342 |   653 |  1104 ||  2252
Block: Buckler           |       |       |       |       |   383 ||   383

Table legend: (Time is in decaauts)
 A = Elapsed time spent in this place.
 B = Non-inter-level travel time spent in this place.
 C = Inter-level travel time spent in this place.
 D = Time resting spent in this place.
 E = Time spent auto-exploring this place.
 F = Levels seen in this place.
 G = Mean time per level.
                   A        B        C        D        E       F      G
               +--------+--------+--------+--------+--------+-----+--------+
         Total |  21948 |  21114 |    834 |    888 |  14849 |  25 |  877.9 |
       Dungeon |  14220 |  13732 |    488 |    393 |  10101 |  15 |  948.0 |
        Temple |     93 |     93 |      0 |      0 |     55 |   1 |   93.0 |
          Lair |   5767 |   5471 |    296 |    219 |   3849 |   6 |  961.2 |
  Orcish Mines |   1228 |   1180 |     48 |    174 |    559 |   2 |  614.0 |
      Ice Cave |    638 |    638 |      0 |    102 |    284 |   1 |  638.0 |
               +--------+--------+--------+--------+--------+-----+--------+

Top non-repeatable levels by time:
     D:9: 1609 daAuts
  Lair:6: 1281 daAuts
  Lair:1: 1250 daAuts
     D:4: 1179 daAuts
    D:10: 1153 daAuts
    D:12: 1141 daAuts
     D:6: 1127 daAuts
    D:14: 1095 daAuts
     D:1: 1057 daAuts
  Lair:5: 1034 daAuts
     D:3: 903 daAuts
    D:11: 900 daAuts
    D:15: 826 daAuts
  Lair:3: 818 daAuts
    D:13: 813 daAuts
